 Dungeon Crawl Stone Soup version 0.28.0-45-g0d030f2227 (webtiles) character file.

Game seed: 3795104468416024873

61 Bliebski the Ducker (level 3, -17/28 HPs)
             Began as a Demonspawn Gladiator on Apr 16, 2022.
             Killed from afar by Ijyb (31 damage)
             ... with a bolt of acid
             ... on level 3 of the Dungeon.
             The game lasted 00:20:37 (2457 turns).

Bliebski the Ducker (Demonspawn Gladiator)          Turns: 2457, Time: 00:20:37

Health: -17/28     AC:  4    Str: 16    XL:     3   Next: 83%
Magic:  4/4        EV: 12    Int:  9    God:
Gold:   16         SH:  0    Dex: 14    Spells: 2/4 levels left

rFire   + . .      SeeInvis .   a - +0 rapier
rCold   . . .      Faith    .   (no shield)
rNeg    . . .      Spirit   .   b - +0 leather armour
rPois   .          Reflect  .   c - +0 helmet
rElec   .          Harm     .   (no cloak)
rCorr   .          Rampage  .   (no gloves)
Will    .....                   (no boots)
Stlth   +.........              (no amulet)
HPRegen 0.09/turn               t - ring of wizardry
MPRegen 0.09/turn               d - ring of protection from fire

@: no status effects
A: weakness stinger 2
a: no special abilities


You were on level 3 of the Dungeon.
You visited 1 branch of the dungeon, and saw 4 of its levels.

You collected 16 gold pieces.

Inventory:

Hand Weapons
 a - a +0 rapier (weapon)
Missiles
 j - 34 bolts
 q - 4 stones (quivered)
Armour
 b - a +0 leather armour (worn)
 c - a +0 helmet (worn)
Magical Staves
 u - a staff of earth
 v - a staff of fire
Jewellery
 d - a ring of protection from fire (right hand)
 p - an amulet of faith
 t - a ring of wizardry (left hand)
Scrolls
 e - 2 scrolls of immolation {unknown}
 h - a scroll of fog {unknown}
 k - a scroll of vulnerability {unknown}
 l - 2 scrolls of teleportation {unknown}
 m - a scroll of enchant armour {unknown}
 s - a scroll of enchant weapon {unknown}
 w - a scroll of fear {unknown}
Potions
 f - 3 potions of curing {unknown}
 g - a potion of magic {unknown}
 i - a potion of lignification {unknown}
 n - a potion of heal wounds {unknown}
 o - a potion of cancellation {unknown}
 r - a potion of mutation {unknown}
 x - a potion of might {unknown}


   Skills:
 + Level 2.5 Fighting
 - Level 3.0 Short Blades
 - Level 2.0 Throwing
 + Level 3.3 Dodging
 + Level 1.1 Spellcasting
 + Level 0.1 Hexes
 + Level 0.2 Ice Magic


You had 2 spell levels left.
You knew the following spells:

 Your Spells              Type           Power      Damage    Failure   Level
a - Ensorcelled Hibernat  Hex/Ice        0%         N/A       26%         2

Your spell library contained the following spells:

 Spells                   Type           Power      Damage    Failure   Level
 Spider Form              Tmut/Pois      0%         N/A       45%         3
 Cause Fear               Hex            0%         N/A       82%         4
 Anguish                  Hex/Necr       0%         N/A       83%         4
 Dragon Form              Tmut           0%         N/A       100%        7
 Dragon's Call            Summ           0%         N/A       100%        9


Dungeon Overview and Level Annotations

Branches:
Dungeon (4/15)
 Temple: D:4-7

Altars:
Yredelemnul

Annotations:
D:3 Ijyb


Innate Abilities, Weirdness & Mutations

You have a tail ending in a sharp stinger.


Message History

Press: ? - help, v - describe, . - travel The floor.
Press: ? - help, v - describe, . - travel
Here: Ijyb, wielding a +0 club, wearing a +0 leather armour and carrying a wand of acid (6)
The floor.
Ijyb is nearby!
Sorry, you're not good enough to have a special ability.
Press: ? - help, v - describe, . - travel
Here: Ijyb, wielding a +0 club, wearing a +0 leather armour and carrying a wand of acid (6)
The floor.
Ijyb is nearby!
Ijyb zaps a wand.
The bolt of acid hits you! Ijyb misses you.
You hit Ijyb.
Ijyb is moderately wounded.
Ijyb barely misses you.
You miss Ijyb.
Ijyb is moderately wounded.
Ijyb hits you with a +0 club.
You miss Ijyb.
Ijyb is moderately wounded.
Ijyb hits you with a +0 club.
You hit Ijyb but do no damage. You punch Ijyb, but do no damage.
Ijyb is moderately wounded.
Ijyb hits you with a +0 club.
You hit Ijyb but do no damage. You tail-slap Ijyb, but do no damage.
Ijyb is moderately wounded.
Ijyb zaps a wand.
The bolt of acid misses you.
You hit Ijyb.
Ijyb is moderately wounded.
Ijyb hits you with a +0 club.
Ijyb zaps a wand.
The bolt of acid misses you.
You are too injured to fight recklessly!
You hit Ijyb but do no damage.
Ijyb is moderately wounded.
Ijyb barely misses you.
You hit Ijyb.
Ijyb is heavily wounded.
Ijyb zaps a wand.
The bolt of acid hits you!!
Ouch! That really hurt!
You die...

#. ##.......#
#.######......##
#........#...#.#
###########'#.#.
#♣ #..## ...
########.#...)..
....>...##.....)
#######..#...)..
#..@.#####♣
##.g..# ##.##.#
### ##


You could see Ijyb.

Vanquished Creatures
  An adder (D:2)
  A worm (D:3)
  8 ball pythons
  5 bats
  6 endoplasms
  2 giant cockroaches (D:1)
  3 goblins
  4 hobgoblins
  8 kobolds
  3 quokkas
  A frilled lizard (D:2)
42 creatures vanquished.

Notes
Turn   | Place    | Note
-------+----------+-------------------------------------------
     0 | D:1      | Bliebski the Demonspawn Gladiator began the quest for the
                  | Orb.
     0 | D:1      | Reached XP level 1. HP: 16/16 MP: 1/1
   348 | D:1      | Gained mutation: You have a small tail. [demonic ancestry]
   348 | D:1      | Reached XP level 2. HP: 17/22 MP: 2/2
   556 | D:1      | Found a faded altar of an unknown god.
   824 | D:2      | Found a basalt altar of Yredelemnul.
  1096 | D:1      | Gained mutation: You have a tail ending in a sharp stinger.
                  | [demonic ancestry]
  1096 | D:1      | Reached XP level 3. HP: 27/27 MP: 3/3
  1593 | D:2      | Reached skill level 1 in Spellcasting
  2112 | D:2      | Learned a level 2 spell: Ensorcelled Hibernation
  2304 | D:4      | Noticed a sky beast
  2447 | D:3      | Noticed Ijyb
  2457 | D:3      | Killed from afar by Ijyb

Illustrated notes

Levels and vault maps discovered:
D:1:      ncdulo_watergridlock, layout_loops_cross,
          hellmonk_ecumenical_altar_inner_sanctum, minmay_misc_feat_square
D:2:      layout_loops_ring, basic_altar, chequers_jeans, minmay_pentomino_s2
D:3:      layout_loops_corners, uniq_ijyb, uniq_crazy_yiuf_cottage
D:4:      layout_rooms

Skill      XL: |  1  2  3 |
---------------+----------+-----
Dodging        | 3 |  3.3
Throwing       | 2 |  2.0
Short Blades   | 3 |  3.0
Spellcasting   | 1 |  1.1
Fighting       | |  2.5
Hexes          | |  0.1
Ice Magic      | |  0.2

Action                   || total
-------------------------++-------
Melee: Rapier            ||   102
       Tailslap          ||     9
       Punch             ||     1
Throw: Throwing net      ||     4
       Stone             ||     6
Armor: Leather armour    ||    21
Dodge: Dodged            ||    61
